 Dungeon Sprint DCSS version 0.30.1-4-g462c640d31 (webtiles) character file.

Game seed: 13892532833440369867

6688 Groucho the Unseen (level 10, -2/50 HPs)
             Began as a Spriggan Enchanter on Aug 11, 2023.
             Was the Champion of Vehumet.
             Slain by a six-headed hydra (11 damage)
             ... in the Dungeon (Sprint III: "The Ten Rune Challenge").
             The game lasted 00:10:18 (1209 turns).

Groucho the Unseen (Spriggan Enchanter)             Turns: 1209, Time: 00:10:19

Health: -2/50      AC:  3    Str:  4    XL:     10   Next: 73%
Magic:  18/27      EV: 28    Int: 18    God:    Vehumet [******]
Gold:   30         SH:  0    Dex: 19    Spells: 20/34 levels left

rFire   . . .        k - +4 dagger (elec)
rCold   . . .        (no shield)
rNeg    . . .        b - +0 robe
rPois   .            (helmet restricted)
rElec   .            a - +0 cloak
rCorr   .            (gloves unavailable)
SInv    +            (boots unavailable)
Will    +....        (no amulet)
Stlth   +++++++      (no ring)
HPRegen 0.28/turn    (no ring)
MPRegen 0.20/turn

%: no teleportation
@: very quick
A: very small, no large weapons, unfitting armour, see invisible, speed 3, horns
1, wild magic 2
a: Renounce Religion


You were in the Dungeon.
You worshipped Vehumet.
Vehumet was exalted by your worship.
You visited 1 branch You collected 30 gold pieces.

Inventory:

Hand Weapons
 k - a +4 dagger of electrocution (weapon)
Missiles
 j - 4 poisoned darts (quivered)
Armour
 a - a +0 cloak (worn)
 b - a +0 robe (worn)
Wands
 f - a wand of flame (8)
Scrolls
 m - 2 scrolls of immolation {unknown}
 n - a scroll of poison {unknown}
Potions
 c - 2 potions of invisibility
 d - 3 potions of curing
 g - 2 potions of magic
 h - 2 potions of berserk rage
 l - 2 potions of mutation
 o - a potion of brilliance
 q - a potion of flight
Miscellaneous
 r - a lightning rod (4/4)


   Skills:
 + Level 4.3 Fighting
 - Level 10.0 Short Blades
 + Level 13.8 Dodging
 + Level 16.4 Stealth
 + Level 12.7 Spellcasting
 * Level 8.6 Conjurations
 + Level 12.9 Hexes
 + Level 4.0 Ice Magic


You had 20 spell levels left.
You knew the following spells:

 Your Spells              Type           Power      Damage    Failure   Level
a - Ensorcelled Hibernat  Hex/Ice        100%       N/A       1%          2
b - Confusing Touch       Hex            75%        N/A       1%          3
c - Dazzling Flash        Conj/Hex       100%       N/A       1%          3
d - Tukima's Dance        Hex            75%        N/A       1%          3
e - Hailstorm             Conj/Ice       53%        3d12      1%          3

Your spell library contained the following spells:

 Spells                   Type           Power      Damage    Failure   Level
 Momentum Strike          Conj/Tloc      86%        3d10      1%          2
 Freeze                   Ice            100%       1d10      1%          1
 Frozen Ramparts          Ice            82%        1d13      2%          3
 Arcjolt                  Conj/Air       21%        1d31      13%         5
 Vhi's Electric Charge    Tloc/Air       36%        N/A       34%         3
 Maxwell's Capacitive Co  Air            9%         ∞         100%        8


Dungeon Overview and Level Annotations

Branches:
Dungeon (1/1)

Altars:
Cheibriados
Dithmenos
Elyvilon
Fedhas
Gozag
Hepliaklqana
Kikubaaqudgha
Makhleb
Nemelex Xobeh
Okawaru
Qazlal
Ru
Sif Muna
Trog
Uskayaw
Vehumet
Wu Jian
Xom
Yredelemnul
Zin
The Shining One
Jiyva
Lugonu


Innate Abilities, Weirdness & Mutations

You are very small and have problems with some larger weapons.
You are too small for most types of armour.
You have supernaturally acute eyesight. (SInv)
You cover ground extremely quickly. (Speed+++)
You have a pair of small horns on your head.
Your spells are harder to cast, but more powerful.


Message History

Casting: Ensorcelled Hibernation (safe; 1% risk of failure)
Confirm with . or Enter, or press ? or * to list all spells.
Aiming: Ensorcelled Hibernation (safe; 1% risk of failure)
Press: ? - help, Shift-Dir - straight line, f/p - six-headed hydra
Aim: a six-headed hydra (chance to affect: 37%)
The six-headed hydra easily resists.
The six-headed hydra barely misses you. The six-headed hydra bites you.
The six-headed hydra completely misses you.
The six-headed hydra barely misses you. The six-headed hydra bites you!
The six-headed hydra completely misses you.
Unknown command.
Unknown command.
There is an open door here.
Casting: Ensorcelled Hibernation (safe; 1% risk of failure)
Confirm with . or Enter, or press ? or * to list all spells.
Aiming: Ensorcelled Hibernation (safe; 1% risk of failure)
Press: ? - help, Shift-Dir - straight line, f/p - six-headed hydra
Aim: a six-headed hydra (chance to affect: 37%)
The six-headed hydra easily resists.
The six-headed hydra completely misses you.
The six-headed hydra misses you.
The six-headed hydra closely misses you.
The six-headed hydra bites you.
The six-headed hydra barely misses you. x2
Unknown command.
Casting: Ensorcelled Hibernation (safe; 1% risk of failure)
Confirm with . or Enter, or press ? or * to list all spells.
Your hands begin to glow red.
The six-headed hydra misses you.
The six-headed hydra completely misses you.
The six-headed hydra bites you but does no damage.
The six-headed hydra misses you. The six-headed hydra barely misses you.
The six-headed hydra completely misses you.
You hit the six-headed hydra but do no damage.
You hit the six-headed hydra but do no damage.
The six-headed hydra appears confused.
The six-headed hydra misses you.
The six-headed hydra completely misses you.
The six-headed hydra bites you! x2
* * * LOW HITPOINT WARNING * * *
The six-headed hydra closely misses you.
The six-headed hydra bites you!
You die...

~≈~~~.....#...#__#...#....#.#)#).
~~~....†..#'###__#...##.#.)#.##.#
..........#.))#__#...'##)#.#.##.#
..........#___#__'...#...#..#..##
▓▓▓▓▓▓▓▓▓▓▓▓▓▓▓▓▓▓▓▓▓▓▓▓▓▓▓▓▓▓▓▓▓
♣♣÷~~........~~~.
+♣♣÷♣≈≈≈≈≈≈≈≈≈≈≈≈♣♣
#.÷♣♣♣♣♣♣♣♣♣♣♣♣♣♣♣♣ #.@♣♣ ♣
###D♣♣♣♣♣♣♣♣♣♣♣♣♣♣
♣♣♣♣.##D.##~~~~~D..
♣...##†##.#~~~~≈...
♣♣.##D##.##'~~~≈D#
♣..#.##...#~S.....
♣♣.##D##.)#≈..+###
♣♣.##.#####...# ♣.....# ...#


You could see a six-headed hydra (confused).

Vanquished Creatures
  Erolcha (D)
  A hydra (D)
  Urug (D)
  A lindwurm (D)
  A deep elf pyromancer (D)
  2 cane toads (D)
  A komodo dragon (D)
  2 tyrant leeches (D)
  3 wandering mushrooms (D)
  A shadow (D)
  5 redbacks (D)
  A spatial vortex (D)
  5 two-headed ogres (D)
  A necrophage (D)
  A water elemental (D)
  Crazy Yiuf (D)
  A jelly (D)
  Jessica (D)
  A wizard (D)
  A necromancer (D)
  A kobold demonologist (D)
  3 humans (D)
  An endoplasm (D)
  2 rats (D)
39 creatures vanquished.

Notes
Turn   | Place    | Note
-------+----------+-------------------------------------------
     0 | D        | Groucho the Spriggan Enchanter began the quest for the Orb.
     0 | D        | Reached XP level 1. HP: 9/9 MP: 5/5
    13 | D        | Noticed Jessica
    21 | D        | Killed Jessica
    22 | D        | Reached skill level 6 in Stealth
    22 | D        | Reached XP level 2. HP: 13/13 MP: 6/8
    22 | D        | Reached XP level 3. HP: 16/16 MP: 6/9
    44 | D        | Reached skill level 5 in Hexes
    53 | D        | Noticed Crazy Yiuf
    60 | D        | Killed Crazy Yiuf
    61 | D        | Reached skill level 5 in Dodging
    61 | D        | Reached skill level 7 in Stealth
    61 | D        | Reached skill level 5 in Spellcasting
    61 | D        | Reached XP level 4. HP: 21/21 MP: 9/12
    69 | D        | Noticed a water elemental
    76 | D        | Killed a water elemental
    77 | D        | Reached skill level 8 in Stealth
    79 | D        | Found a radiant altar of Vehumet.
    79 | D        | Found a shimmering blue altar of Sif Muna.
    79 | D        | Found an ancient bone altar of Kikubaaqudgha.
    79 | D        | Noticed a wizard
    81 | D        | Killed a wizard
    82 | D        | Reached skill level 5 in Short Blades
    82 | D        | Reached XP level 5. HP: 24/24 MP: 10/14
    85 | D        | Became a worshipper of Vehumet
    94 | D        | Found a glowing silver altar of Zin.
    95 | D        | Found a glowing golden altar of the Shining One.
    95 | D        | Found a white marble altar of Elyvilon.
    95 | D        | Noticed a deep elf pyromancer
    97 | D        | Killed a deep elf pyromancer
    98 | D        | Reached skill level 11 in Stealth
    98 | D        | Reached XP level 6. HP: 28/28 MP: 11/18
    98 | D        | Reached XP level 7. HP: 32/32 MP: 12/20
   101 | D        | Learned a level 2 spell: Ensorcelled Hibernation
   105 | D        | Learned a level 3 spell: Confusing Touch
   109 | D        | Learned a level 3 spell: Dazzling Flash
   231 | D        | Found a hide-covered altar of Uskayaw.
   231 | D        | Found an iron altar of Okawaru.
   232 | D        | Found a bloodstained altar of Trog.
   232 | D        | Found an ornate altar of the Wu Jian Council.
   232 | D        | Noticed a human
   232 | D        | Noticed a human
   237 | D        | Killed a human
   238 | D        | Reached skill level 12 in Stealth
   238 | D        | Reached skill level 1 in Conjurations
   242 | D        | Killed a human
   242 | D        | Reached * piety under Vehumet
   242 | D        | Offered knowledge of Kiss of Death by Vehumet.
   243 | D        | Reached skill level 10 in Dodging
   412 | D        | Found a shadowy altar of Dithmenos.
   413 | D        | Found a basalt altar of Yredelemnul.
   413 | D        | Found a sacrificial altar of Ru.
   424 | D        | Noticed a shadow
   439 | D        | Killed a shadow
   439 | D        | Reached ** piety under Vehumet
   439 | D        | Offered knowledge of Scorch by Vehumet.
   440 | D        | Reached skill level 10 in Hexes
   440 | D        | Reached XP level 8. HP: 36/36 MP: 19/22
   464 | D        | Found a blossoming altar of Fedhas.
   464 | D        | Found a stormy altar of Qazlal.
   465 | D        | Found a snail-covered altar of Cheibriados.
   465 | D        | Found a burning altar of Makhleb.
   465 | D        | Found a hazy altar of Hepliaklqana.
   465 | D        | Found a shimmering altar of Xom.
   465 | D        | Found an opulent altar of Gozag.
   465 | D        | Found a sparkling altar of Nemelex Xobeh.
   465 | D        | Found a corrupted altar of Lugonu.
   465 | D        | Found a viscous altar of Jiyva.
   499 | D        | Reached skill level 13 in Stealth
   506 | D        | Reached *** piety under Vehumet
   507 | D        | Reached skill level 10 in Spellcasting
   515 | D        | Learned a level 3 spell: Tukima's Dance
   521 | D        | Noticed a two-headed ogre
   524 | D        | Killed a two-headed ogre
   543 | D        | Noticed a two-headed ogre
   543 | D        | Noticed Erolcha
   545 | D        | Killed Erolcha
   546 | D        | Reached skill level 14 in Stealth
   546 | D        | Reached skill level 5 in Conjurations
   546 | D        | Reached XP level 9. HP: 39/39 MP: 24/24
   546 | D        | Killed a two-headed ogre
   546 | D        | Reached **** piety under Vehumet
   547 | D        | Reached skill level 10 in Short Blades
   559 | D        | Reached skill level 1 in Fighting
   563 | D        | Learned a level 3 spell: Hailstorm
   568 | D        | Noticed a wandering mushroom
   571 | D        | Gained mutation: Your spells are a little harder to cast,
                  | but a little more powerful. [potion of mutation]
   571 | D        | Gained mutation: You have a pair of small horns on your
                  | head. [potion of mutation]
   571 | D        | Gained mutation: Your spells are harder to cast, but more
                  | powerful. [potion of mutation]
   573 | D        | Noticed a wandering mushroom
   575 | D        | Noticed a wandering mushroom
   594 | D        | Killed a wandering mushroom
   595 | D        | Reached skill level 1 in Ice Magic
   604 | D        | Killed a wandering mushroom
   604 | D        | Reached ***** piety under Vehumet
   605 | D        | Reached skill level 15 in Stealth
   821 | D        | Noticed a cane toad
   821 | D        | Noticed a komodo dragon
   821 | D        | Noticed a cane toad
   823 | D        | Killed a cane toad
   823 | D        | Offered knowledge of Momentum Strike by Vehumet.
   826 | D        | Killed a cane toad
   827 | D        | Reached XP level 10. HP: 47/47 MP: 26/26
   848 | D        | Noticed a lindwurm
   851 | D        | Killed a lindwurm
   859 | D        | Reached skill level 16 in Stealth
   859 | D        | Noticed Urug
   861 | D        | Killed Urug
   861 | D        | Reached ****** piety under Vehumet
   865 | D        | Noticed a six-headed hydra
   865 | D        | Noticed a five-headed hydra
   939 | D        | Killed a five-headed hydra
  1209 | D        | Slain by a six-headed hydra

Illustrated notes

Levels and vault maps discovered:
D:        dungeon_sprint_mu [sprint_mu_entry_forest, sprint_mu_temple_rooms,
          sprint_mu_d1_spiders, sprint_mu_d2_genie, sprint_mu_d3_branching,
          sprint_mu_orc_legion, sprint_mu_elf_gauntlet, sprint_mu_hive_nellie,
          sprint_mu_lair_fedhas, sprint_mu_vaults_butterflies,
          sprint_mu_slime_circle, sprint_mu_shoals_archi,
          sprint_mu_snake_twists, sprint_mu_blade_basic, sprint_mu_crypt_lich,
          sprint_mu_tomb_spiral, sprint_mu_vestibule_basic,
          sprint_mu_gehenna_hellfire, sprint_mu_dis_giant,
          sprint_mu_tartarus_statrot, sprint_mu_cocytus_islands, sprint_mu_zot1]

Skill      XL: |  1  2  3  4  5  6  7  8  9 10 |
---------------+-------------------------------+-----
Dodging        | 4 5 6 9 10 11 12 13 | 13.8
Spellcasting   | 4 5 6 8 9 10 11 12 | 12.7
Short Blades   | 3 4 5 7 8 9 10 | 10.0
Stealth        | 6 7 8 11 12 14 15 16 | 16.4
Hexes          | 4 5 6 9 10 11 12 | 12.9
Conjurations   | 3 5 7 8 |  8.6
Fighting       | 2 4 |  4.3
Ice Magic      | 2 4 |  4.0

Action                     |  1- 3 |  4- 6 |  7- 9 | 10-12 || total
---------------------------+-------+-------+-------+-------++-------
  Melee: Dagger            |     9 |     8 |    46 |    13 ||    76
         Headbutt          |       |       |     9 |       ||     9
   Cast: Ensorcelled Hiber |       |       |    12 |    17 ||    29
         Confusing Touch   |       |       |     4 |     1 ||     5
         Dazzling Flash    |       |       |       |     1 ||     1
    Use: Potion            |     2 |       |     2 |     1 ||     5
         Scroll            |       |       |     2 |     1 ||     3
   Stab: Sleeping          |     6 |     3 |    16 |     9 ||    34
         Invisible         |       |     2 |       |       ||     2
         Confused          |       |       |     1 |       ||     1
 Armour: Robe              |       |       |     3 |     2 ||     5
  Dodge: Dodged            |     2 |     2 |    20 |    39 ||    63
